 Dungeon Crawl Stone Soup version 0.18.1-1-g2f07953 (webtiles) character file.

19 Eucla the Sneak (level 2, 0/28 HPs)
             Began as an Octopode Assassin on May 7, 2016.
             Succumbed to a goblin's poison
             ... on level 2 of the Dungeon.
             The game lasted 00:01:44 (905 turns).

Eucla the Sneak (Octopode Assassin)                  Turns: 905, Time: 00:01:45

Health: 0/28       AC: 21    Str: 10    XL:     2   Next: 75%
Magic:  2/2        EV:  2    Int: 13    God:
Gold:   45         SH:  0    Dex: 18    Spells: 0 memorised, 1 level left

rFire  . . .     SeeInvis .     a - +2 dagger
rCold  . . .     Gourm    .     (no shield)
rNeg   + + +     Faith    .     (helmet currently unavailable)
rPois  +         Spirit   .     (no amulet)
rElec  .         Dismiss  .     (no ring)
rCorr  .         Reflect  .     (no ring)
SustAt .         Harm     .     (no ring)
MR     .....     NoTele   +     (no ring)
Stlth  ++++++....               (no ring)
                                (no ring)
                                (no ring)
                                (no ring)

@: agile, lethally poisoned (0 -> -7), tree-form, not resistant to hostile
enchantments, very stealthy
A: almost no armour, (amphibious), 8 rings, (constrict 8), (camouflage 0),
(gelatinous body 0)
a: no special abilities


You were on level 2 of the Dungeon.
You were not hungry.
You were a tree.
You visited 1 branch of the dungeon, and saw 2 of its levels.

You collected 45 gold pieces.

Inventory:

Hand Weapons
 a - a +2 dagger (weapon)
 b - a +0 blowgun
 r - a +1 dagger of venom
Missiles
 c - 8 poisoned needles
 d - 2 curare-tipped needles
Jewellery
 j - an uncursed amulet of dismissal {unknown}
 l - a cursed ring of loudness {unknown}
Scrolls
 h - 2 scrolls of fear {unknown}
 i - a scroll of teleportation {unknown}
 k - a scroll of identify {unknown}
 n - a scroll of noise {unknown}
 o - a scroll of recharging {unknown}
 q - a scroll of remove curse {unknown}
Comestibles
 f - a bread ration
 g - a beef jerky
 p - a meat ration


   Skills:
 - Level 2.0 Fighting
 + Level 2.3 Short Blades
 - Level 2.0 Throwing
 - Level 1.0 Dodging
 * Level 6.2 Stealth


You had one spell level left.
You didn't know any spells.

Dungeon Overview and Level Annotations

Branches:
Dungeon (2/15)

Altars:
Elyvilon


Innate Abilities, Weirdness & Mutations

You cannot wear most types of armour.
((You are amphibious.))
You can wear up to eight rings at the same time.
((You can use your tentacles to constrict eight enemies at once.))
((Your skin changes colour to match your surroundings (Stealth).))
((Your rubbery body absorbs attacks (AC +1).))


Message History

Your roots penetrate the ground.
* * * LOW HITPOINT WARNING * * *
You feel sick.
Unknown command.
* * * LOW HITPOINT WARNING * * *
You feel sick.
* * * LOW HITPOINT WARNING * * *
You feel sick.
* * * LOW HITPOINT WARNING * * *
You feel sick.
Unknown command.
* * * LOW HITPOINT WARNING * * *
You feel sick.
* * * LOW HITPOINT WARNING * * *
You feel sick.
Unknown command.
* * * LOW HITPOINT WARNING * * *
You feel sick.
Unknown command.
You die...

..... # .#..# ......# ....
.... ......# .... #..#
##### ......
##.######..###.... ....#
.......#.†........ ....#
.......##..###.# ....#
##.##..#....##.####.(..#
#...#..#........♣.=....#
.._.........#..#####...#
#...#..#....#..#####...#
##.##..#...............###
.......#.................
...h...#....#..#.###...###
##.######...#..#.###...###
.... ........<.........#
..##....#...#..#.###.#.###


There were no monsters in sight!

Vanquished Creatures
  3 goblins
  2 hobgoblins (D:1)
  A jackal (D:2)
  4 bats (D:1)
  2 giant newts
  4 kobolds (D:1)
  4 rats (D:1)
20 creatures vanquished.

Notes
Turn   | Place    | Note
--------------------------------------------------------------
     0 | D:1      | Eucla the Octopode Assassin began the quest for the Orb.
     0 | D:1      | Reached XP level 1. HP: 14/14 MP: 1/1
   241 | D:1      | Reached XP level 2. HP: 10/19 MP: 2/2
   623 | D:1      | Reached skill level 6 in Stealth
   860 | D:2      | Found a white marble altar of Elyvilon.
   903 | D:2      | HP: 1/28 [poisoned by a goblin]
   905 | D:2      | Succumbed to a goblin's poison

Skill      XL: |  1  2 |
---------------+-------+-----
Stealth        | 6 |  6.2
Fighting       | |  2.0
Short Blades   | |  2.3
Throwing       | |  2.0
Dodging        | |  1.0

Action                   || total
-------------------------++-------
Melee: Dagger            ||    38
       Constrict         ||     8
       Tentacles         ||     2
  Use: Potion            ||     2
 Stab: Sleeping          ||     6
Armor: Skin              ||     7
Dodge: Dodged            ||    34
